| TOP OF THE 1ST |
|
Seattle Mariners batting - Pitching for California Angels : RHP Danny White
|
|
Pitching: RHP Danny White
|
|
|
Batting: LHB Dae-ik Yoon
|
0-0: Ball 1-0: Foul Ball, location: 2F 1-1: Ball 2-1: Ball 3-1: Ground out 6-3 (Groundball, 56, EV 100.0 MPH)
|
|
Batting: LHB John Zumbo
|
0-0: Called Strike 0-1: Foul Ball, location: 2F 0-2: Ball 1-2: Ball 2-2: Strikes out swinging
|
|
Batting: SHB Floyd-William Goof
|
0-0: Ball 1-0: Ball 2-0: Called Strike 2-1: Ground out 6-3 (Groundball, P, EV 83.8 MPH)
|
| Top of the 1st over - 0 runs, 0 hits, 0 errors, 0 left on base; Seattle 0 - California 0 |
| BOTTOM OF THE 1ST |
|
California Angels batting - Pitching for Seattle Mariners : LHP Angel Contreras
|
|
Pitching: LHP Angel Contreras
|
|
|
Batting: SHB Aldo Questi
|
0-0: Called Strike 0-1: Foul Ball, location: 2F 0-2: Ball 1-2: Fly out, F8 (Line Drive, 8RM, EV 85.0 MPH)
|
|
Batting: RHB Danny Odom
|
0-0: Ball 1-0: Called Strike 1-1: Called Strike 1-2: Foul Ball, location: 2F 1-2: Strikes out swinging, 2-3 out at first.
|
|
Batting: RHB Preston Deakyne
|
0-0: Swinging Strike 0-1: Ball 1-1: Ball 2-1: Foul Ball, location: 2F 2-2: Fly out, F8 (Flyball, 78M, EV 86.3 MPH)
|
| Bottom of the 1st over - 0 runs, 0 hits, 0 errors, 0 left on base; Seattle 0 - California 0 |
| TOP OF THE 2ND |
|
Seattle Mariners batting - Pitching for California Angels : RHP Danny White
|
|
Batting: SHB Tze-meng Gan
|
0-0: Swinging Strike 0-1: Fly out, F5 (Line Drive, 5, EV 64.4 MPH)
|
|
Batting: LHB Bi-jun Chien
|
0-0: Swinging Strike 0-1: Called Strike 0-2: SINGLE (Groundball, 4M, EV 88.1 MPH) (infield hit)
|
|
Batting: RHB Jose Vasquez
|
0-0: Called Strike 0-1: Called Strike 0-2: Ball 1-2: Foul Ball, location: 2F 1-2: Hit by Pitch Bi-jun Chien to second
|
|
Batting: RHB Steve Bartman Jr.
|
0-0: Ball 1-0: Ball 2-0: Ball 3-0: Called Strike 3-1: Base on Balls Bi-jun Chien to third Jose Vasquez to second
|
|
Batting: RHB Young-kwang Ohnn
|
0-0: Ball 1-0: Ball 2-0: Foul Ball, location: 2F 2-1: Ball 3-1: Base on Balls Bi-jun Chien scores Jose Vasquez to third Steve Bartman Jr. to second
|
|
Batting: RHB Ivan Colon
|
0-0: Ball 1-0: Ball 2-0: Called Strike 2-1: Foul Ball, location: 2F 2-2: Grounds into double play, 5-4-3 (Groundball, 5, EV 105.6 MPH)
|
| Top of the 2nd over - 1 run, 1 hit, 0 errors, 2 left on base; Seattle 1 - California 0 |
| BOTTOM OF THE 2ND |
|
California Angels batting - Pitching for Seattle Mariners : LHP Angel Contreras
|
|
Batting: RHB Alain Delhaye
|
0-0: Swinging Strike 0-1: Ball 1-1: Foul Ball, location: 2F 1-2: Ball 2-2: Strikes out looking
|
|
Batting: RHB Dietmar Warmisch
|
0-0: Called Strike 0-1: Ball 1-1: Ball 2-1: SOLO HOME RUN (Flyball, 78XD, EV 101.3 MPH), Distance : 394 ft
|
|
Batting: LHB Josh Cook
|
0-0: Ground out 6-3 (Groundball, 6S, EV 71.9 MPH)
|
|
Batting: RHB Nick Dunn
|
0-0: SOLO HOME RUN (Flyball, 78XD, EV 100.6 MPH), Distance : 406 ft
|
|
Batting: LHB Micah Miller
|
0-0: SINGLE (Groundball, 34D, EV 95.0 MPH)
|
|
Batting: LHB Javier Trujillo
|
0-0: Ball 1-0: Ball 2-0: Called Strike 2-1: Foul Ball, location: 2F 2-2: Strikes out swinging
|
| Bottom of the 2nd over - 2 runs, 3 hits, 0 errors, 1 left on base; Seattle 1 - California 2 |
| TOP OF THE 3RD |
|
Seattle Mariners batting - Pitching for California Angels : RHP Danny White
|
|
Batting: LHB Dae-ik Yoon
|
0-0: Foul Ball, location: 2F 0-1: Foul Ball, location: 2F 0-2: Ground out 6-3 (Groundball, 6, EV 88.1 MPH)
|
|
Batting: LHB John Zumbo
|
0-0: Ball 1-0: Foul Ball, location: 2F 1-1: Ground out 5-3 (Groundball, 56, EV 95.0 MPH)
|
|
Batting: SHB Floyd-William Goof
|
0-0: Ball 1-0: Called Strike 1-1: Foul Ball, location: 2F 1-2: SOLO HOME RUN (Flyball, 89XD, EV 105.0 MPH), Distance : 405 ft
|
|
Batting: SHB Tze-meng Gan
|
0-0: Ball 1-0: Ball 2-0: Ball 3-0: Called Strike 3-1: Called Strike 3-2: Strikes out swinging
|
| Top of the 3rd over - 1 run, 1 hit, 0 errors, 0 left on base; Seattle 2 - California 2 |
| BOTTOM OF THE 3RD |
|
California Angels batting - Pitching for Seattle Mariners : LHP Angel Contreras
|
|
Batting: SHB Aldo Questi
|
0-0: Foul Ball, location: 2F 0-1: Ball 1-1: Foul Ball, location: 2F 1-2: Foul Ball, location: 2F 1-2: Ball 2-2: Fly out, F7 (Flyball, 7S, EV 96.9 MPH)
|
|
Batting: RHB Danny Odom
|
0-0: Called Strike 0-1: Called Strike 0-2: Fly out, F9 (Flyball, 9, EV 90.0 MPH)
|
|
Batting: RHB Preston Deakyne
|
0-0: Fly out, F8 (Flyball, 8LM, EV 89.4 MPH)
|
| Bottom of the 3rd over - 0 runs, 0 hits, 0 errors, 0 left on base; Seattle 2 - California 2 |
| TOP OF THE 4TH |
|
Seattle Mariners batting - Pitching for California Angels : RHP Danny White
|
|
Batting: LHB Bi-jun Chien
|
0-0: Ball 1-0: Foul Ball, location: 2F 1-1: Called Strike 1-2: Ground out 3-1 (Groundball, 34, EV 95.0 MPH)
|
|
Batting: RHB Jose Vasquez
|
0-0: SINGLE (Line Drive, 89M, EV 90.6 MPH)
|
|
Batting: RHB Steve Bartman Jr.
|
0-0: 2-RUN HOME RUN (Flyball, 78XD, EV 102.5 MPH), Distance : 414 ft
|
|
Batting: RHB Young-kwang Ohnn
|
0-0: Swinging Strike 0-1: Called Strike 0-2: Ball 1-2: Reached on error, E5 (Groundball, 56S, EV 80.0 MPH)
|
|
Batting: RHB Ivan Colon
|
0-0: Called Strike 0-1: Called Strike 0-2: Ball 1-2: Ball 2-2: Strikes out looking
|
|
Batting: LHB Dae-ik Yoon
|
0-0: Foul Ball, location: 2F 0-1: Ball 1-1: Called Strike 1-2: Foul Ball, location: 2F 1-2: Ball 2-2: Ball 3-2: Ground out 6-3 (Groundball, 56, EV 80.6 MPH)
|
| Top of the 4th over - 2 runs, 2 hits, 1 error, 1 left on base; Seattle 4 - California 2 |
| BOTTOM OF THE 4TH |
|
California Angels batting - Pitching for Seattle Mariners : LHP Angel Contreras
|
|
Batting: RHB Alain Delhaye
|
0-0: Called Strike 0-1: Foul Ball, location: 2F 0-2: Ball 1-2: Ground out 6-3 (Groundball, 6, EV 85.0 MPH)
|
|
Batting: RHB Dietmar Warmisch
|
0-0: Ball 1-0: Ball 2-0: Ball 3-0: Ground out U3 (Groundball, 3S, EV 92.5 MPH)
|
|
Batting: LHB Josh Cook
|
0-0: Called Strike 0-1: Ball 1-1: Called Strike 1-2: Foul Ball, location: 2F 1-2: Ball 2-2: Strikes out looking
|
| Bottom of the 4th over - 0 runs, 0 hits, 0 errors, 0 left on base; Seattle 4 - California 2 |
| TOP OF THE 5TH |
|
Seattle Mariners batting - Pitching for California Angels : RHP Danny White
|
|
Batting: LHB John Zumbo
|
0-0: Called Strike 0-1: Ball 1-1: Ball 2-1: Foul Ball, location: 2F 2-2: Ball 3-2: DOUBLE (Line Drive, 89XD, EV 104.4 MPH)
|
|
Pitching: RHP Barney Pederson
|
|
|
Batting: SHB Floyd-William Goof
|
0-0: Ball 1-0: Foul Ball, location: 2F 1-1: Ball 2-1: Foul Ball, location: 2F 2-2: Foul Ball, location: 2F 2-2: Ground out 1-3 (Groundball, 13, EV 62.5 MPH) John Zumbo to third
|
|
Batting: SHB Tze-meng Gan
|
0-0: SINGLE (Groundball, 4MD, EV 106.3 MPH) John Zumbo scores
|
|
Batting: LHB Bi-jun Chien
|
0-0: Ball 1-0: Ball 2-0: Ball 3-0: Called Strike 3-1: SINGLE (Line Drive, 7S, EV 110.6 MPH) Tze-meng Gan to second
|
|
Batting: RHB Jose Vasquez
|
0-0: Ball 1-0: Fly out, F2 (Popup, 2RF, EV 90.0 MPH)
|
|
Batting: RHB Steve Bartman Jr.
|
0-0: Foul Ball, location: 2F 0-1: Ball 1-1: Ball 2-1: Swinging Strike 2-2: Ball 3-2: Strikes out swinging
|
| Top of the 5th over - 1 run, 3 hits, 0 errors, 2 left on base; Seattle 5 - California 2 |
| BOTTOM OF THE 5TH |
|
California Angels batting - Pitching for Seattle Mariners : LHP Angel Contreras
|
|
Batting: RHB Nick Dunn
|
0-0: Called Strike 0-1: Ball 1-1: Ball 2-1: Called Strike 2-2: Ball 3-2: Strikes out looking
|
|
Batting: LHB Micah Miller
|
0-0: Ball 1-0: Called Strike 1-1: Ground out 4-3 (Groundball, 34, EV 105.6 MPH)
|
|
Batting: LHB Javier Trujillo
|
0-0: Ball 1-0: Foul Ball, location: 2F 1-1: SINGLE (Groundball, 4MD, EV 111.3 MPH)
|
|
Batting: SHB Aldo Questi
|
0-0: Called Strike 0-1: Foul Ball, location: 2F 0-2: Ball 1-2: Ball 2-2: Foul Ball, location: 2F 2-2: Strikes out swinging
|
| Bottom of the 5th over - 0 runs, 1 hit, 0 errors, 1 left on base; Seattle 5 - California 2 |
| TOP OF THE 6TH |
|
Seattle Mariners batting - Pitching for California Angels : RHP Barney Pederson
|
|
Batting: RHB Young-kwang Ohnn
|
0-0: Ground out 4-3 (Groundball, 4M, EV 104.4 MPH)
|
|
Batting: RHB Ivan Colon
|
0-0: Ball 1-0: SINGLE (Line Drive, 89S, EV 88.1 MPH)
|
|
Batting: LHB Dae-ik Yoon
|
0-0: SINGLE (Line Drive, 34D, EV 105.0 MPH) Ivan Colon to second
|
|
Batting: LHB John Zumbo
|
0-0: Ball Ivan Colon steals 3rd base 1-0: Called Strike Dae-ik Yoon steals 2nd base (no throw) 1-1: Fly out, F8 (Flyball, 8LM, EV 92.5 MPH)
|
|
Batting: SHB Floyd-William Goof
|
0-0: Called Strike 0-1: Ball 1-1: 3-RUN HOME RUN (Flyball, 9D, EV 92.5 MPH), Distance : 355 ft
|
|
Pitching: RHP Austin Maki
|
|
|
Batting: SHB Tze-meng Gan
|
0-0: Called Strike 0-1: Ball 1-1: Called Strike 1-2: Foul Ball, location: 2F 1-2: Ball 2-2: Ball 3-2: Foul Ball, location: 2F 3-2: SINGLE (Groundball, 56D, EV 100.0 MPH)
|
|
Batting: LHB Bi-jun Chien
|
0-0: Ball Tze-meng Gan steals 2nd base 1-0: Foul Ball, location: 2F 1-1: Fly out, F8 (Flyball, 78XD, EV 98.8 MPH)
|
| Top of the 6th over - 3 runs, 4 hits, 0 errors, 1 left on base; Seattle 8 - California 2 |
| BOTTOM OF THE 6TH |
|
California Angels batting - Pitching for Seattle Mariners : LHP Angel Contreras
|
|
Batting: RHB Danny Odom
|
0-0: Ball 1-0: Ball 2-0: Called Strike 2-1: Foul Ball, location: 2F 2-2: Strikes out swinging
|
|
Pitching: RHP Takaaki Nakada
|
|
|
Batting: RHB Preston Deakyne
|
0-0: Ball 1-0: Foul Ball, location: 2F 1-1: SINGLE (Groundball, 13S, EV 76.3 MPH) (infield hit)
|
|
Batting: RHB Alain Delhaye
|
0-0: Ball 1-0: Swinging Strike 1-1: Foul Ball, location: 2F 1-2: Ball Preston Deakyne steals 2nd base 2-2: Strikes out swinging
|
|
Batting: RHB Dietmar Warmisch
|
0-0: Ball 1-0: Ball 2-0: Fly out, F8 (Flyball, 8RXD, EV 87.5 MPH)
|
| Bottom of the 6th over - 0 runs, 1 hit, 0 errors, 1 left on base; Seattle 8 - California 2 |
| TOP OF THE 7TH |
|
Seattle Mariners batting - Pitching for California Angels : RHP Austin Maki
|
|
Batting: RHB Jose Vasquez
|
0-0: Called Strike 0-1: SINGLE (Line Drive, 4D, EV 98.8 MPH)
|
|
Batting: RHB Steve Bartman Jr.
|
0-0: Ball 1-0: Called Strike 1-1: Ball 2-1: Ground out U3 (Groundball, 34S, EV 76.3 MPH) Jose Vasquez to second
|
|
Batting: RHB Young-kwang Ohnn
|
0-0: Foul Ball, location: 2F 0-1: Fly out, F3 (Popup, 3DF, EV 58.8 MPH)
|
|
Batting: RHB Ivan Colon
|
0-0: Ball 1-0: Ball 2-0: Called Strike 2-1: Ground out 6-3 (Groundball, 6, EV 81.9 MPH)
|
| Top of the 7th over - 0 runs, 1 hit, 0 errors, 1 left on base; Seattle 8 - California 2 |
| BOTTOM OF THE 7TH |
|
California Angels batting - Pitching for Seattle Mariners : RHP Takaaki Nakada
|
|
Batting: LHB Josh Cook
|
0-0: Ball 1-0: Ball 2-0: SINGLE (Groundball, 6M, EV 107.5 MPH) (infield hit)
|
|
Batting: RHB Nick Dunn
|
0-0: Foul Ball, location: 2F 0-1: Foul Ball, location: 2F 0-2: Ball 1-2: Fly out, F8 (Flyball, 8RXD, EV 92.5 MPH)
|
|
Batting: LHB Micah Miller
|
0-0: Called Strike 0-1: Ball Josh Cook steals 2nd, throwing error, E2 Josh Cook to third 1-1: Foul Ball, location: 2F 1-2: Ball 2-2: Fly out, F8 (Flyball, 8LD, EV 88.8 MPH) Runner from 3rd tags up, OUT at HOME! 8-2
|
| Bottom of the 7th over - 0 runs, 1 hit, 1 error, 0 left on base; Seattle 8 - California 2 |
| TOP OF THE 8TH |
|
Seattle Mariners batting - Pitching for California Angels : RHP Austin Maki
|
|
Batting: LHB Dae-ik Yoon
|
0-0: Foul Ball, location: 2F 0-1: Foul Ball, location: 2F 0-2: Foul Ball, location: 2F 0-2: Ball 1-2: Ball 2-2: Ground out 1-3 (Groundball, 13S, EV 64.4 MPH)
|
|
Batting: LHB John Zumbo
|
0-0: Fly out, F6 (Popup, P, EV 70.0 MPH)
|
|
Batting: SHB Floyd-William Goof
|
0-0: Ball 1-0: Ball 2-0: Called Strike 2-1: Ball 3-1: Base on Balls
|
|
Batting: SHB Tze-meng Gan
|
0-0: Ball 1-0: Ball Floyd-William Goof steals 2nd base 2-0: Ball 3-0: Base on Balls
|
|
Batting: LHB Bi-jun Chien
|
0-0: Ball 1-0: Ball 2-0: Called Strike 2-1: Ball 3-1: Fielders Choice at 2nd, 6-4 (Groundball, 6, EV 102.5 MPH)
|
| Top of the 8th over - 0 runs, 0 hits, 0 errors, 2 left on base; Seattle 8 - California 2 |
| BOTTOM OF THE 8TH |
|
California Angels batting - Pitching for Seattle Mariners : RHP Takaaki Nakada
|
|
Batting: LHB Javier Trujillo
|
0-0: Ball 1-0: Ball 2-0: Foul Ball, location: 2F 2-1: Ball 3-1: Called Strike 3-2: Base on Balls
|
|
Batting: SHB Aldo Questi
|
0-0: Foul Ball, location: 2F 0-1: Ball 1-1: Ball 2-1: SINGLE (Groundball, P, EV 81.3 MPH) (infield hit) Javier Trujillo to second
|
|
Batting: RHB Danny Odom
|
0-0: Ball 1-0: SINGLE (Line Drive, 8RS, EV 105.6 MPH) Javier Trujillo to third Aldo Questi to second
|
|
Batting: RHB Preston Deakyne
|
0-0: Swinging Strike 0-1: Fielders Choice at 2nd, 4-6 (Groundball, 34, EV 92.5 MPH) Javier Trujillo scores Aldo Questi to third
|
|
Batting: RHB Alain Delhaye
|
0-0: Fielders Choice at 2nd, 6-4 (Groundball, 6, EV 82.5 MPH) Aldo Questi scores
|
|
Batting: RHB Dietmar Warmisch
|
0-0: Fielders Choice at 2nd, U6 (Groundball, 6M, EV 100.0 MPH)
|
| Bottom of the 8th over - 2 runs, 2 hits, 0 errors, 1 left on base; Seattle 8 - California 4 |
| TOP OF THE 9TH |
|
Seattle Mariners batting - Pitching for California Angels : RHP Austin Maki
|
|
Pitching: RHP Juan Gomez
|
|
|
Batting: RHB Jose Vasquez
|
0-0: Ground out 6-3 (Groundball, 6, EV 106.3 MPH)
|
|
Batting: RHB Steve Bartman Jr.
|
0-0: Ball 1-0: Called Strike 1-1: Ball 2-1: Ball 3-1: Called Strike 3-2: Strikes out swinging
|
|
Batting: RHB Young-kwang Ohnn
|
0-0: Called Strike 0-1: Ball 1-1: Fly out, F3 (Flyball, 34D, EV 95.6 MPH)
|
| Top of the 9th over - 0 runs, 0 hits, 0 errors, 0 left on base; Seattle 8 - California 4 |
| BOTTOM OF THE 9TH |
|
California Angels batting - Pitching for Seattle Mariners : RHP Takaaki Nakada
|
|
Pitching: LHP David Anaya
|
|
|
Batting: LHB Josh Cook
|
0-0: SINGLE (Groundball, P, EV 81.3 MPH) (infield hit)
|
|
Batting: RHB Nick Dunn
|
0-0: Ball 1-0: SINGLE (Line Drive, 78S, EV 90.0 MPH) Josh Cook to second
|
|
Pinch Hitting: RHB Gael Jones
|
0-0: Called Strike 0-1: Fly out, F7 (Line Drive, 7, EV 95.6 MPH)
|
|
Batting: LHB Javier Trujillo
|
0-0: Ball 1-0: Ball 2-0: Called Strike 2-1: Ground out 5-3 (Groundball, 6S, EV 74.4 MPH) Josh Cook to third Nick Dunn to second
|
|
Batting: SHB Aldo Questi
|
0-0: Ball 1-0: Called Strike 1-1: Ball 2-1: Fly out, F9 (Flyball, 9D, EV 96.9 MPH)
|
| Bottom of the 9th over - 0 runs, 2 hits, 0 errors, 2 left on base; Seattle 8 - California 4 |
|